 Dungeon Crawl Stone Soup version 0.30-a0-371-gad7725a93e (webtiles) character file.

Game seed: 14484487006517317945

96163 greasedhog the Brawler (level 16, -2/136 HPs)
             Began as a Ghoul Fighter on Nov 19, 2022.
             Was a High Priest of Qazlal.
             Shot with a bolt by a yaktaur (24 damage)
             ... summoned by a glowing orange brain
             ... on level 14 of the Dungeon on Nov 21, 2022.
             The game lasted 00:37:56 (24080 turns).

greasedhog the Brawler (Ghoul Fighter)             Turns: 24080, Time: 00:37:56

Health: -2/136     AC: 19    Str: 25 (26) XL:     16   Next: 16%
Magic:  1/21       EV: 10    Int: -1 (5)  God:    Qazlal [*****.]
Gold:   1296       SH: 30    Dex: 11      Spells: 15/15 levels left

rFire   + + .      SeeInvis .      - Unarmed
rCold   + . .      Faith    .    G - +1 tower shield {rF+}
rNeg    + + +      Spirit   .    x - +0 chain mail {Will+}
rPois   ∞          Reflect  +    r - +0 helmet
rElec   +          Harm     .    Y - +1 cloak of Ethics {rElec}
rCorr   +          Rampage  .    N - +2 pair of gloves
Will    ++...                    n - +0 pair of boots
Stlth   ..........               I - amulet "Ybyaso" {Reflect Dex+3 SH+5}
HPRegen 0.00/turn                D - ring of resist corrosion
MPRegen 0.17/turn                U - ring of Moodiness {Fly rF+}

@: brilliant, protected from physical damage, corroded, flying, inhibited regen,
slowed, lost intelligence, repel missiles, unable to read, very slow
A: claws 1, cold resistance 1, negative energy resistance 3, inhibited
regeneration, torment resistance 2, devour on kill
a: Renounce Religion, Upheaval, Elemental Force, Disaster Area


You were on level 14 of the Dungeon.
You worshipped Qazlal.
Qazlal was extremely pleased with you.
You visited 3 branches of the dungeon, and saw 21 of its levels.
You also visited: Bailey, Gauntlet and Ice Cave.

You collected 2245 gold pieces.
You spent 949 gold pieces at shops.

Inventory:

Missiles
 g - 4 throwing nets (quivered)
Armour
 n - a +0 pair of boots (worn)
 r - a +0 helmet (worn)
 x - a +0 chain mail of willpower (worn)
 G - a +1 tower shield of fire resistance (worn)
 N - a +2 pair of gloves (worn)
 Y - the +1 cloak of Ethics (worn) {rElec}
   (You found it in a Gauntlet)

   rElec:     It insulates you from electricity.
Jewellery
 a - a ring of magical power
 k - a +4 ring of slaying
 B - a ring of willpower
 D - a ring of resist corrosion (left hand)
 I - the amulet "Ybyaso" (around neck) {Reflect Dex+3 SH+5}
   (You bought it in a shop on level 9 of the Dungeon)

   [amulet of reflection]

   It reflects blocked missile attacks.
   Dex:       It affects your dexterity (+3).
   SH:        It affects your SH (+5).
 M - a +4 ring of evasion
 U - the ring of Moodiness (right hand) {Fly rF+}
   (You found it on level 3 of the Lair of Beasts)

   [ring of flight]

   rF:        It protects you from fire.
   Fly:       It grants you flight.
Wands
 h - a wand of polymorph (19)
 u - a wand of digging (8)
 y - a wand of flame (80)
 C - a wand of roots (20)
 R - a wand of light (6)
Scrolls
 b - a scroll of summoning
 d - a scroll of silence
 i - 14 scrolls of teleportation {unknown}
 j - 3 scrolls of torment {unknown}
 m - a scroll of brand weapon {unknown}
 o - a scroll of acquirement {unknown}
 p - 4 scrolls of enchant weapon
 q - 5 scrolls of enchant armour {unknown}
 s - a scroll of poison
 t - 2 scrolls of amnesia
 v - 2 scrolls of fog
 A - 8 scrolls of fear
 H - 6 scrolls of blinking
 O - 2 scrolls of magic mapping {unknown}
 S - 4 scrolls of immolation
Potions
 c - 3 potions of might
 e - 3 potions of flight
 f - 2 potions of magic
 l - 5 potions of curing
 w - 2 potions of resistance
 z - 5 potions of ambrosia
 F - a potion of invisibility
 J - 3 potions of heal wounds {unknown}
 K - 5 potions of brilliance
 P - a potion of attraction {unknown}
 W - 2 potions of berserk rage {unknown}
 Z - a potion of cancellation {unknown}
Miscellaneous
 E - a condenser vane


   Skills:
 * Level 10.6 Fighting
 - Level 10.0 Armour
 - Level 10.1 Dodging
 * Level 15.6 Shields
 * Level 17.2 Unarmed Combat
 * Level 8.7 Invocations


You had 15 spell levels left.
You didn't know any spells.
Your spell library contained the following spells:

 Spells                   Type           Power      Damage    Failure   Level
 Apportation              Tloc           0%         N/A       100%        1
 Freeze                   Ice            0%         1d3       100%        1
 Necrotise                Necr           0%         1d4       100%        1
 Sting                    Tmut/Pois      0%         1d3       100%        1
 Summon Small Mammal      Summ           0%         N/A       100%        1
 Blink                    Tloc           0%         N/A       100%        2
 Ensorcelled Hibernation  Hex/Ice        0%         N/A       100%        2
 Momentum Strike          Conj/Tloc      0%         3d8       100%        2
 Poisonous Vapours        Pois/Air       0%         N/A       100%        2
 Call Canine Familiar     Summ           0%         N/A       100%        3
 Frozen Ramparts          Ice            0%         1d1       100%        3
 Hailstorm                Conj/Ice       0%         3d3       100%        3
 Lesser Beckoning         Tloc           0%         N/A       100%        3
 Summon Guardian Golem    Hex/Summ       0%         N/A       100%        3
 Tukima's Dance           Hex            0%         N/A       100%        3
 Anguish                  Hex/Necr       0%         N/A       100%        4
 Olgreb's Toxic Radiance  Pois           0%         N/A       100%        4
 Passage of Golubria      Tloc           0%         N/A       100%        4
 Fireball                 Conj/Fire      0%         3d3       100%        5
 Iskenderun's Battlesphe  Conj           0%         2d6       100%        5
 Summon Forest            Summ/Tloc      0%         N/A       100%        5
 Summon Mana Viper        Hex/Summ       0%         N/A       100%        5
 Yara's Violent Unravell  Hex/Tmut       0%         3d3       100%        5
 Conjure Ball Lightning   Conj/Air       0%         3x3d7     100%        6
 Iron Shot                Conj/Erth      0%         9d1       100%        6
 Summon Cactus Giant      Summ           0%         N/A       100%        6
 Enfeeble                 Hex            0%         N/A       100%        7
 Orb of Destruction       Conj           0%         9d5       100%        7
 Spellforged Servitor     Conj/Summ      0%         N/A       100%        7
 Discord                  Hex            0%         N/A       100%        8
 Disjunction              Tloc           0%         N/A       100%        8
 Spider Form              Tmut/Pois      Unusable   N/A       N/A         3

Dungeon Overview and Level Annotations

Branches:
Dungeon (14/15)            Temple (0/1) D:7            Lair (5/5) D:11
  Swamp (0/4) Lair:3        Snake (0/4) Lair:2        Slime (0/5) Lair:4
    Orc (2/2) D:12            Elf (0/3) Orc:2        Vaults (0/5) D:13
 Bailey (visited)           IceCv (visited)         Gauntlet (visited)

Altars:
Ashenzari
Dithmenos
Fedhas
Gozag
Makhleb
Okawaru
Qazlal
Ru
Sif Muna
Trog
Uskayaw
Vehumet
Wu Jian
Xom
Jiyva

Shops:
D:5 *   D:9 =   Orc:1 *   Orc:2 [[[[

Portals:
Trove: D:10 (give +7 demon blade)

Annotations:
D:2 1 runed translucent door, Crazy Yiuf
D:8 3 runed translucent doors, TwistedFlax's ghost, novice DrCj
Lair:3 2 transporters, Miekkume's ghost, journeyman MiFi
Lair:4 exclusion: 4 oklob plants


Innate Abilities, Weirdness & Mutations

You are immune to poison.
You have sharp fingernails.
Your flesh is cold resistant. (rC+)
You are immune to negative energy. (rN+++)
You do not regenerate when monsters are visible.
You are immune to unholy pain and torment.
You thrive by killing the living.


Message History

You reflect the bolt off an invisible shield around you!
The bolt hits your air elemental!! The cyan ugly thing headbutts you!
The cyan ugly thing shocks you. You resist. You block the rust devil's attack.
The centaur warrior hits you but does no damage.
The centaur warrior completely misses you.
It was a potion of brilliance.
You feel clever all of a sudden.
Your air elemental fires a burst of electricity at the centaur warrior.
The stunning burst hits the centaur warrior!
The centaur warrior dies!
The centaur warrior's corpse dissolves into shadows!
The stunning burst hits your earth elemental.
Your earth elemental completely resists.
Your air elemental fires a burst of electricity at the cyan ugly thing.
The stunning burst hits the cyan ugly thing.
The cyan ugly thing completely resists.
The centaur unwields a +0 shortbow.
The centaur hits your earth elemental but does no damage.
The centaur kicks your earth elemental but does no damage.
Your air elemental hits the cyan ugly thing.
The yaktaur wields a +0 arbalest.
The yaktaur shoots a bolt.
You reflect the bolt off an invisible shield around you!
The bolt hits the rust devil!!
The yaktaur shoots a bolt.
The bolt hits your air elemental!
Your air elemental is destroyed!
Your air elemental disappears in a puff of smoke!
The cyan ugly thing completely misses your earth elemental.
You block the rust devil's attack.
Your earth elemental completely misses the centaur.
The centaur hits your earth elemental but does no damage.
The centaur kicks your earth elemental but does no damage.
The yaktaur shoots a bolt.
You reflect the bolt off an invisible shield around you!
The bolt hits the rust devil.
The yaktaur shoots a bolt.
The bolt hits you!!
* * * LOW HITPOINT WARNING * * *
You barely miss the cyan ugly thing.
The cyan ugly thing is severely wounded.
The cyan ugly thing headbutts you but does no damage.
You block the rust devil's attack.
The yaktaur shoots a bolt.
The bolt hits you!!
You die...

.≈.≈.≈............≈....
.#...#.................
#.≈.#.....(.......... #
#...#..............# .#
#.≈.#.......<......# ..##
#...#..............###...#
#.≈.#........§.Ec........#
#...#.........Tu4c.......#
#≈_≈#........c○@°.#...####
#.........°○....#...#
###.#.......°☼§.......#
#.....................#
#..................####
#.................##
#..............####
...............###
...............#


You could see a cyan ugly thing, a deep troll, 2 yaktaurs, a rust devil, a
centaur (summoned, ally target) and a friendly earth elemental (summoned).

Vanquished Creatures
  An orc warlord (Orc:2)
  A reaper (IceCv)
  Snorg (Orc:2)
  A minotaur (Gauntlet)
  2 vault guards (D:13)
  Fannar (Lair:3)
  A rakshasa (D:12)
  Erolcha (D:9)
  7 hydras
  Harold (D:9)
  A catoblepas (Lair:5)
  6 two-headed ogres
  7 boulder beetles
  A centaur warrior (D:13)
  A tengu warrior (D:10)
  11 death yaks
  A deep troll shaman (Lair:5)
  5 orc high priests (Orc:2)
  Amaemon (Lair:3)
  Sonja (Lair:3)
  Lodul (D:13)
  A bog body (Lair:3)
  A deep elf pyromancer (D:12)
  5 orc knights
  Pikel (D:5)
  4 orc sorcerers
  8 elephants
  4 ugly things
  3 manticores
  2 cyclopes
  An elephant (shapeshifter) (D:13)
  Maurice (D:9)
  7 black mambas
  Joseph (D:8)
  2 ice statues (IceCv)
  6 cane toads
  A gargoyle (D:10)
  A kobold demonologist (D:11)
  5 komodo dragons
  2 tengu conjurers (D:10)
  2 rime drakes
  A freezing wraith (IceCv)
  6 ice devils (IceCv)
  3 anaconda simulacra (IceCv)
  4 trolls
  A polar bear (Lair:2)
  22 blink frogs
  Prince Ribbit (Lair:1)
  A raiju (Gauntlet)
  6 slime creatures
  6 dream sheep (Lair:5)
  10 shadows
  A culicivora (shapeshifter) (D:13)
  5 wraiths
  2 dire elephant simulacra (IceCv)
  41 yaks
  4 hogs (D:13)
  A vampire (D:12)
  4 basilisks
  A neqoxec (D:14)
  7 wyverns
  A chaos spawn (D:14)
  3 steam dragons
  Grum (D:8)
  6 vampire mosquitoes
  2 harpy simulacra (IceCv)
  A death yak simulacrum (IceCv)
  An acid dragon (D:12)
  6 wargs
  3 hydra simulacra (IceCv)
  17 water moccasins
  53 orc warriors
  A sky beast (D:7)
  7 black bears
  8 wolves
  19 ogres
  11 centaurs
  2 lemures (D:5)
  2 phantoms
  2 kobold brigands
  Blork the orc (D:6)
  13 bullfrogs
  A gnoll sergeant (D:13)
  4 necrophages
  2 two-headed ogre simulacra (IceCv)
  5 scorpions
  13 wights
  13 killer bees
  9 howler monkeys
  5 hounds
  4 jellies
  A gnoll bouda (D:7)
  30 orc priests
  4 iguanas
  31 orc wizards
  Natasha (thrice) (D:4)
  8 gnolls
  12 adders
  2 naga simulacra (IceCv)
  2 shadow imps
  A white imp (D:8)
  An ufetubus (D:5)
  A worm (D:3)
  2 dart slugs
  128 orcs
  4 endoplasms
  2 giant cockroaches (D:1)
  5 hobgoblins
  2 jackals (D:2)
  2 quokkas
  7 ball pythons
  2 bats (D:1)
  A frilled lizard (D:3)
  11 goblins
  13 kobolds
  8 rats
  A butterfly (Lair:1)
738 creatures vanquished.

Vanquished Creatures (collateral kills)
  2 vault guards (D:13)
  3 death yaks (Lair:5)
  An orange demon (Lair:3)
  2 unseen horrors (D:13)
  A troll (D:12)
  A wraith (D:13)
  An orc (Orc:2)
11 creatures vanquished.

Vanquished Creatures (others)
  Kirke (D:13)
  13 fungi
  43 plants
  14 withered plants (Gauntlet)
71 creatures vanquished.

Grand Total: 820 creatures vanquished

Notes
Turn   | Place    | Note
-------+----------+-------------------------------------------
     0 | D:1      | greasedhog the Ghoul Fighter began the quest for the Orb.
     0 | D:1      | Reached XP level 1. HP: 19/19 MP: 0/0
   157 | D:1      | Reached XP level 2. HP: 25/26 MP: 1/1
   481 | D:1      | Reached XP level 3. HP: 29/33 MP: 2/2
   649 | D:2      | Found a runed translucent door.
   650 | D:2      | Noticed Crazy Yiuf
   810 | D:2      | Reached skill level 3 in Unarmed Combat
  1046 | D:2      | Reached XP level 4. HP: 40/40 MP: 3/3
  1550 | D:3      | Noticed an ogre
  2073 | D:3      | Found an opulent altar of Gozag.
  2146 | D:3      | Reached skill level 4 in Unarmed Combat
  2146 | D:3      | Reached XP level 5. HP: 31/47 MP: 4/4
  2752 | D:4      | Noticed a phantom
  2765 | D:4      | Killed a phantom
  2766 | D:4      | Reached skill level 5 in Fighting
  2766 | D:4      | Reached XP level 6. HP: 56/56 MP: 5/5
  2876 | D:4      | Noticed Natasha
  2884 | D:4      | Killed Natasha
  3216 | D:4      | Noticed Natasha
  3231 | D:4      | Killed Natasha
  3286 | D:4      | Found a shadowy altar of Dithmenos.
  3343 | D:4      | Noticed Natasha
  3350 | D:4      | Killed Natasha
  3351 | D:4      | Reached skill level 5 in Unarmed Combat
  3427 | D:5      | Entered Level 5 of the Dungeon
  3673 | D:5      | Noticed a black bear
  3680 | D:5      | Killed a black bear
  3681 | D:5      | Reached XP level 7. HP: 53/61 MP: 6/6
  3725 | D:5      | Found Caojolal's Neck Hole.
  3945 | D:5      | Noticed Pikel
  3976 | D:5      | Killed Pikel
  3977 | D:5      | Reached skill level 5 in Armour
  3977 | D:5      | Reached skill level 6 in Unarmed Combat
  3977 | D:5      | Reached XP level 8. HP: 48/68 MP: 7/7
  4156 | D:5      | Found an iron altar of Okawaru.
  4157 | D:5      | Found a shimmering blue altar of Sif Muna.
  4157 | D:5      | Found a hide-covered altar of Uskayaw.
  4198 | D:5      | Reached skill level 7 in Unarmed Combat
  4426 | D:3      | Found an ornate altar of the Wu Jian Council.
  5092 | D:5      | Reached skill level 5 in Shields
  5123 | D:5      | Reached skill level 8 in Unarmed Combat
  5123 | D:5      | Reached XP level 9. HP: 78/78 MP: 8/8
  5700 | D:6      | Found a stormy altar of Qazlal.
  5761 | D:6      | Became a worshipper of Qazlal Stormbringer
  5800 | D:6      | Reached skill level 1 in Invocations
  5900 | D:6      | Noticed Blork the orc
  5913 | D:6      | Killed Blork the orc
  5914 | D:6      | Reached skill level 9 in Unarmed Combat
  6679 | D:7      | Reached * piety under Qazlal
  6692 | D:7      | Reached XP level 10. HP: 77/90 MP: 11/11
  6751 | D:7      | Found a broken altar of Ashenzari.
  6925 | D:7      | Found a staircase to the Ecumenical Temple.
  7196 | D:8      | Reached skill level 10 in Unarmed Combat
  7214 | D:8      | Found a runed translucent gate.
  7214 | D:8      | Found a runed translucent gate.
  7214 | D:8      | Found a runed translucent gate.
  7214 | D:8      | Noticed a ten-headed hydra
  7215 | D:8      | Noticed TwistedFlax's ghost (novice DrCj)
  7234 | D:8      | Found a burning altar of Makhleb.
  7286 | D:8      | Found a flagged portal.
  7300 | D:8      | Reached ** piety under Qazlal
  7449 | Bailey   | Entered a bailey
  7746 | Bailey   | Reached skill level 5 in Invocations
  7848 | Bailey   | Identified the +0 gold dragon scales of Fun {rPois rF+ rC+
                  | Dex+6}
  8065 | Bailey   | Noticed an orc knight
  8076 | Bailey   | Killed an orc knight
  8077 | Bailey   | Reached skill level 1 in Dodging
  8214 | D:8      | Found a sacrificial altar of Ru.
  8214 | D:8      | Noticed a two-headed ogre
  8228 | D:8      | Killed a two-headed ogre
  8400 | D:8      | Noticed Joseph
  8407 | D:8      | Killed Joseph
  8408 | D:8      | Reached skill level 10 in Fighting
  8445 | D:8      | Noticed Grum
  8450 | D:8      | Reached skill level 11 in Unarmed Combat
  8452 | D:8      | Reached *** piety under Qazlal
  8457 | D:8      | Killed Grum
  8541 | D:8      | Reached XP level 11. HP: 97/99 MP: 13/13
  8957 | D:9      | Noticed Harold
  9161 | D:9      | Noticed Erolcha
  9164 | D:9      | Noticed Maurice
  9181 | D:9      | Killed Maurice
  9186 | D:9      | Killed Erolcha
  9245 | D:9      | Killed Harold
  9681 | D:9      | Reached skill level 5 in Dodging
  9743 | D:9      | Found Wus Maqe's Jewellery Shop.
  9751 | D:9      | Bought the amulet "Ybyaso" {Reflect Dex+3 SH+5} for 519
                  | gold pieces
  9807 | D:9      | Reached skill level 12 in Unarmed Combat
  9824 | D:9      | Found a shimmering altar of Xom.
 10046 | D:9      | Reached **** piety under Qazlal
 10304 | D:10     | Entered Level 10 of the Dungeon
 10505 | D:10     | Found a portal to a secret trove of treasure.
 10708 | D:10     | Reached XP level 12. HP: 106/106 MP: 14/14
 10729 | D:10     | Noticed a two-headed ogre
 10739 | D:10     | Killed a two-headed ogre
 10740 | D:10     | Reached skill level 10 in Shields
 10830 | D:10     | Found a blossoming altar of Fedhas.
 11190 | D:11     | Noticed a two-headed ogre
 11208 | D:10     | Reached skill level 13 in Unarmed Combat
 11272 | D:11     | Noticed a tengu warrior
 11280 | D:10     | Killed a two-headed ogre
 11403 | D:10     | Killed a tengu warrior
 11427 | D:11     | Found a staircase to the Lair.
 11531 | D:11     | Noticed a boulder beetle
 11565 | D:11     | Killed a boulder beetle
 12163 | Lair:1   | Entered Level 1 of the Lair of Beasts
 12163 | Lair:1   | Noticed Prince Ribbit
 12179 | Lair:1   | Killed Prince Ribbit
 12283 | Lair:1   | Found a sacrificial altar of Ru.
 12484 | Lair:1   | Reached skill level 14 in Unarmed Combat
 12540 | Lair:1   | Reached XP level 13. HP: 113/113 MP: 15/15
 13031 | Lair:2   | Reached ***** piety under Qazlal
 13085 | Lair:2   | Found a staircase to the Snake Pit.
 13867 | Lair:3   | Noticed Sonja
 13890 | Lair:3   | Killed Sonja
 13899 | Lair:3   | Found a staircase to the Swamp.
 13953 | Lair:3   | Identified the ring of Moodiness {Fly rF+}
 14053 | Lair:3   | Found a transporter.
 14053 | Lair:3   | Noticed Miekkume's ghost (journeyman MiFi)
 14056 | Lair:3   | Found a bloodstained altar of Trog.
 14149 | Lair:3   | Noticed Amaemon
 14161 | Lair:3   | Killed Amaemon
 14378 | Lair:3   | Noticed Fannar
 14398 | Lair:3   | Killed Fannar
 14457 | Lair:3   | Found a transporter.
 14935 | Lair:4   | Found a gate leading to a gauntlet.
 14946 | Lair:4   | Reached skill level 15 in Unarmed Combat
 14952 | Gauntlet | Entered a Gauntlet
 14952 | Gauntlet | Found a transporter.
 14952 | Gauntlet | Found a transporter.
 14952 | Gauntlet | Found a transporter.
 15086 | Gauntlet | Found a transporter.
 15087 | Gauntlet | Found a transporter.
 15097 | Gauntlet | Found a transporter.
 15101 | Gauntlet | Found a transporter.
 15103 | Gauntlet | Noticed a quicksilver ooze
 15111 | Gauntlet | Found a transporter.
 15122 | Gauntlet | Found a transporter.
 15143 | Gauntlet | Found a transporter.
 15145 | Gauntlet | Found a transporter.
 15157 | Gauntlet | Found a transporter.
 15565 | Gauntlet | Identified the +1 cloak of Ethics {rElec}
 15672 | Gauntlet | Identified the +8 sling of the Common Good {flame, rPois
                  | rN+}
 15672 | Gauntlet | Identified the +1 leather armour of the Pure Knaves
                  | {Rampage Int+3}
 15672 | Gauntlet | Noticed a minotaur
 15681 | Gauntlet | Killed a minotaur
 15768 | Lair:4   | Found a staircase to the Slime Pits.
 15772 | Lair:4   | Found a viscous altar of Jiyva.
 15928 | Lair:4   | Reached skill level 10 in Dodging
 16273 | Lair:4   | Reached XP level 14. HP: 121/121 MP: 16/16
 16808 | Lair:5   | Entered Level 5 of the Lair of Beasts
 17357 | Lair:5   | Reached skill level 16 in Unarmed Combat
 19027 | D:12     | Found a staircase to the Orcish Mines.
 19263 | D:12     | Reached XP level 15. HP: 85/126 MP: 10/17
 19951 | Orc:1    | Entered Level 1 of the Orcish Mines
 19961 | Orc:1    | Reached skill level 17 in Unarmed Combat
 20126 | Orc:1    | Found a burning altar of Makhleb.
 20334 | Orc:1    | Found Nezetud's CLEARANCE SALE!.
 20342 | Orc:1    | Bought a scroll of enchant weapon for 45 gold pieces
 20342 | Orc:1    | Bought a scroll of fear for 24 gold pieces
 20456 | Orc:2    | Entered Level 2 of the Orcish Mines
 20464 | Orc:2    | Noticed Snorg
 20483 | Orc:2    | Killed Snorg
 21197 | Orc:2    | Found a staircase to the Elven Halls.
 21327 | Orc:2    | Noticed an orc warlord
 21345 | Orc:2    | Killed an orc warlord
 21378 | Orc:2    | Found Coda's Antique Armour Boutique.
 21386 | Orc:2    | Reached skill level 15 in Shields
 21437 | Orc:2    | Bought a pair of heavily runed gloves for 361 gold pieces
 21437 | Orc:2    | Identified the -2 pair of gloves of Dawn {Str+3 Dex+4} (You
                  | bought it in a shop on level 2 of the Orcish Mines)
 21518 | Orc:2    | Found Izxoaje's Antique Armour Shoppe.
 22099 | Orc:2    | Found Ciuwkorph's Armour Emporium.
 22109 | Orc:2    | Found Onaddofo's Antique Armour Shoppe.
 22252 | D:13     | Reached ****** piety under Qazlal
 22276 | D:13     | Noticed Lodul
 22295 | D:13     | Killed Lodul
 22493 | D:13     | Reached skill level 10 in Armour
 22670 | D:13     | Found a gate to the Vaults.
 22671 | D:13     | Upgraded the game from 0.30-a0-368-g86fb4627a9 to
                  | 0.30-a0-371-gad7725a93e
 22795 | D:13     | Noticed Kirke
 22824 | D:13     | Noticed a sphinx
 22826 | D:13     | Killed Kirke
 22891 | D:13     | Found a frozen archway.
 22900 | IceCv    | Entered an ice cave
 23064 | IceCv    | Reached XP level 16. HP: 134/134 MP: 21/21
 23848 | D:13     | Found a radiant altar of Vehumet.
 24044 | D:14     | Found a sacrificial altar of Ru.
 24059 | D:14     | Lost intelligence.
 24080 | D:14     | Shot with a bolt by a yaktaur

Illustrated notes

Levels and vault maps discovered:
D:1:      dpeg_arrival_refuge, layout_rooms
D:2:      layout_basic, minmay_misc_feat_tower, nicolae_hexahallways,
          uniq_crazy_yiuf_cottage
D:3:      layout_basic, mainiacjoe_overflow_catwalk, overflow_temple_1_default,
          roderic_serpentine_path, dreamdust_wishing_well,
          mrwooster_statue_mirror
D:4:      layout_loops_ring, nicolae_elyvilon_temple_path,
          lemuel_coloured_pillars_altar, uniq_natasha
D:5:      minmay_octagon_keep, layout_loops_corners,
          chequers_temple_overflow_statue_of_worship, grunt_ministairs_7,
          minivault_11, nicolae_shop_sticking_my_neck_out, uniq_pikel
D:6:      layout_basic, mainiacjoe_overflow_alcove_1, kennysheep_diamond,
          hex_intersection, uniq_blork_the_orc
D:7:      layout_basic, mainiacjoe_overflow_boulevard,
          gammafunk_temple_overflow_wave, temple_doors_cd, serial_curves,
          eino_curves_02, eino_curves_04, eino_curves_01
D:8:      layout_basic, lemuel_tele_altar, kennysheep_mini, enter_bailey_5,
          gammafunk_ghost_hydra_chop, nicolae_figureground_pulse, uniq_grum,
          uniq_joseph
D:9:      layout_grid_maze, mainiacjoe_overflow_cross_hatched,
          minmay_shop_enchanted_jewellery, uniq_harold, uniq_maurice,
          uniq_erolcha
D:10:     layout_long_grid, old_standard_altar, enter_trove_3,
          nrook_pool_corridor
D:11:     layout_long_grid, david_lair_generic, st_stairs_3
D:12:     layout_cave_pods, orc_0_dummy, minmay_joined_circles
D:13:     layout_irregular_city, lightli_vaults_fourway_checkpoint,
          portal_ice_cave_entry_pillars_1, nicolae_vehumet_altar_sigil,
          uniq_kirke, uniq_lodul
D:14:     layout_cross, serial_demonic, serial_demonic_c, serial_demonic_f,
          serial_demonic_a, serial_demonic_f, serial_demonic_e,
          serial_demonic_c, bloody_trog, nicolae_ru_path_of_blood
Lair:1:   layout_loops_ring, basic_altar, lemuel_fruit_fields,
          serial_bayou_shore_b, lemuel_fruit_tree, grunt_megastairs_4,
          uniq_prince_ribbit2
Lair:2:   layout_chaotic_city, dummy_snake_entry, nicolae_lair_lil_pond
Lair:3:   layout_regular_city, skrybe_swamp_entry_bodies,
          gammafunk_ghost_wrathful_warriors, uniq_fannar, uniq_sonja,
          uniq_amaemon
Lair:4:   layout_loops_ring, minmay_slime_entry_oklob_open,
          gauntlet_entry_generic, cheibrodos_lair_reptile_den
Lair:5:   grunt_lair_end_beastmaster, layout_concentric_octagons
Orc:1:    layout_caves, basic_altar, nicolae_shop_clearance
Orc:2:    pubby_orc_utopia, serial_shops, uniq_snorg

Skill      XL: |  1  2  3  4  5  6  7  8  9 10 11 12 13 14 15 |
---------------+----------------------------------------------+-----
Armour         | 3 4 5 8 10 | 10.0
Unarmed Combat | 3 4 5 6 8 9 11 12 14 15 16 17 | 17.2
Fighting       | 4 5 6 8 10 | 10.6
Shields        | 3 4 5 6 9 12 13 14 15 | 15.6
Invocations    | 3 5 8 |  8.7
Dodging        | 3 6 8 10 | 10.1

Action                   |  1- 3 |  4- 6 |  7- 9 | 10-12 | 13-15 | 16-18 || total
-------------------------+-------+-------+-------+-------+-------+-------++-------
Melee: Unarmed           |   109 |   146 |   284 |   656 |  1387 |   123 ||  2705
Invok: Upheaval          |       |       |       |     4 |     6 |       ||    10
       Elemental Force   |       |       |       |       |     6 |     1 ||     7
       Disaster Area     |       |       |       |       |     1 |     2 ||     3
Evoke: Wand              |       |       |       |     2 |     4 |       ||     6
  Use: Scroll            |     2 |     4 |     1 |     5 |     7 |       ||    19
       Potion            |       |       |       |     1 |     1 |     1 ||     3
 Stab: Invisible         |       |       |       |       |     5 |       ||     5
       Petrified         |       |       |       |       |     2 |       ||     2
       Distracted        |       |       |       |       |     1 |       ||     1
       Paralysed         |       |       |       |       |     2 |       ||     2
Armor: Scale mail        |    37 |    44 |    28 |       |       |       ||   109
       Chain mail        |       |       |    60 |   218 |   328 |    35 ||   641
Dodge: Dodged            |    52 |    56 |    85 |   167 |   220 |    25 ||   605
       Repelled          |       |       |       |     1 |     3 |     1 ||     5
Block: Buckler           |    14 |    18 |    34 |    60 |       |       ||   126
       Tower shield      |       |       |       |   599 |  1797 |   153 ||  2549
       Reflection        |       |       |       |    19 |    27 |    14 ||    60

Table legend: (Time is in decaauts)
 A = Elapsed time spent in this place.
 B = Non-inter-level travel time spent in this place.
 C = Inter-level travel time spent in this place.
 D = Time resting spent in this place.
 E = Time spent auto-exploring this place.
 F = Levels seen in this place.
 G = Mean time per level.
                   A        B        C        D        E       F      G
               +--------+--------+--------+--------+--------+-----+--------+
         Total |  23932 |  22903 |   1029 |   1911 |  16177 |  24 |  997.2 |
       Dungeon |  13789 |  13036 |    753 |   1102 |   9519 |  14 |  984.9 |
          Lair |   5838 |   5615 |    223 |     85 |   4574 |   5 | 1167.6 |
  Orcish Mines |   2114 |   2061 |     53 |      0 |   1419 |   2 | 1057.0 |
        Bailey |    669 |    669 |      0 |    269 |    168 |   1 |  669.0 |
      Ice Cave |    768 |    768 |      0 |    302 |    188 |   1 |  768.0 |
      Gauntlet |    753 |    753 |      0 |    153 |    307 |   1 |  753.0 |
               +--------+--------+--------+--------+--------+-----+--------+

Top non-repeatable levels by time:
  Lair:5: 1868 daAuts
   Orc:2: 1690 daAuts
     D:5: 1380 daAuts
     D:9: 1307 daAuts
  Lair:4: 1293 daAuts
     D:2: 1273 daAuts
    D:12: 1266 daAuts
     D:6: 1229 daAuts
     D:3: 1229 daAuts
     D:8: 1195 daAuts
    D:10: 1096 daAuts
  Lair:2: 997 daAuts
    D:13: 940 daAuts
  Lair:3: 902 daAuts
     D:4: 850 daAuts
